 Dungeon Crawl Stone Soup version 0.29.1-4-g47bece8355 (webtiles) character file.

Game seed: 8108874171779862104

71 JJPlayz the Covered (level 4, -1/52 HPs)
             Began as a Human Fighter on Dec 3, 2022.
             Slain by an adder (2 damage)
             ... on level 2 of the Dungeon.
             The game lasted 00:07:37 (1949 turns).

JJPlayz the Covered (Human Fighter)                 Turns: 1949, Time: 00:07:38

Health: -1/52      AC:  8    Str: 18    XL:     4   Next: 47%
Magic:  5/5        EV:  9    Int:  9    God:
Gold:   153        SH:  4    Dex: 12    Spells: 3/3 levels left

rFire   . . .      SeeInvis .   b - +0 flail
rCold   . . .      Faith    .   c - +0 buckler
rNeg    . . .      Spirit   .   d - +0 scale mail
rPois   .          Reflect  .   (no helmet)
rElec   .          Harm     .   (no cloak)
rCorr   .          Rampage  .   (no gloves)
Will    .....                   m - +0 pair of boots
Stlth   ..........              (no amulet)
HPRegen 0.17/turn               (no ring)
MPRegen 0.09/turn               (no ring)

@: berserking (expiring), lethally poisoned (-1 -> -3), flying, hasted, very
quick
A: no striking features
a: no special abilities


You were on level 2 of the Dungeon.
You visited 1 branch of the dungeon, and saw 2 of its levels.

You collected 153 gold pieces.

Inventory:

Hand Weapons
 b - a +0 flail (weapon)
Armour
 c - a +0 buckler (worn)
 d - a +0 scale mail (worn)
 m - a +0 pair of boots (worn)
Jewellery
 l - a ring of protection from cold
Scrolls
 f - 2 scrolls of teleportation {unknown}
 g - a scroll of identify {unknown}
 j - a scroll of fear {unknown}
 k - a scroll of magic mapping {unknown}
 n - 2 scrolls of enchant weapon {unknown}
 o - a scroll of immolation {unknown}
Potions
 a - 4 potions of might
 i - a potion of flight


   Skills:
 + Level 3.3 Fighting
 * Level 3.0 Maces & Flails
 + Level 3.3 Armour
 + Level 3.3 Shields
 + Level 1.4 Invocations


You had 3 spell levels left.
You didn't know any spells.
Your spell library was empty.

Dungeon Overview and Level Annotations

Branches:
Dungeon (2/15)

Altars:


Message History

The adder is moderately wounded.
You feel sick. The adder bites you.
* * * LOW HITPOINT WARNING * * *
You are lethally poisoned!
The adder poisons you!
You miss the adder.
The adder is moderately wounded.
* * * LOW HITPOINT WARNING * * *
You feel sick. The adder bites you but does no damage.
It was a potion of berserk rage.
A red film seems to cover your vision as you go berserk!
You feel yourself moving faster!
You feel mighty!
* * * LOW HITPOINT WARNING * * *
You feel sick. The adder bites you.
* * * LOW HITPOINT WARNING * * *
You barely miss the adder.
The adder is moderately wounded.
* * * LOW HITPOINT WARNING * * *
You feel sick. The adder bites you but does no damage.
You closely miss the adder.
The adder is moderately wounded.
* * * LOW HITPOINT WARNING * * *
You feel sick. The adder closely misses you.
You barely miss the adder.
The adder is moderately wounded.
* * * LOW HITPOINT WARNING * * *
You feel sick. The adder bites you but does no damage.
You closely miss the adder.
The adder is moderately wounded.
* * * LOW HITPOINT WARNING * * *
You feel sick. The adder closely misses you.
You barely miss the adder.
The adder is lightly wounded.
* * * LOW HITPOINT WARNING * * *
You feel sick. The adder bites you but does no damage.
You barely miss the adder.
The adder is lightly wounded.
* * * LOW HITPOINT WARNING * * *
You feel sick. The adder bites you.
You die...

######### ##....#
##...#...#####.=...
............. .....
..........)# ...
...........# ...
...........## #.#
†...........# #S#
##...#...##.## #@#
###########..# #.#
.# ##.###.# .#
#.....# .####
####### ......
###..# .......
#...#.#


You could see an adder.

Vanquished Creatures
  2 adders (D:2)
  A gnoll (D:1)
  2 worms (D:2)
  2 dart slugs (D:1)
  2 endoplasms (D:1)
  3 giant cockroaches
  6 goblins
  4 hobgoblins
  A quokka (D:1)
  A ball python (D:2)
  2 bats
  4 frilled lizards
  3 kobolds
  A rat (D:2)
34 creatures vanquished.

Vanquished Creatures (others)
  4 toadstools (D:1)
4 creatures vanquished.

Grand Total: 38 creatures vanquished

Notes
Turn   | Place    | Note
-------+----------+-------------------------------------------
     0 | D:1      | JJPlayz the Human Fighter began the quest for the Orb.
     0 | D:1      | Reached XP level 1. HP: 18/18 MP: 1/1
   269 | D:1      | Found a faded altar of an unknown god.
   311 | D:1      | Reached XP level 2. HP: 22/24 MP: 2/2
   602 | D:1      | Reached XP level 3. HP: 21/29 MP: 3/3
   626 | D:1      | Reached skill level 1 in Invocations
   935 | D:1      | You fall into a shaft and drop 1 floor!
  1220 | D:1      | Reached XP level 4. HP: 23/35 MP: 4/4
  1947 | D:2      | HP: 2/52 [poisoned by an adder]
  1949 | D:2      | Slain by an adder

Illustrated notes

Levels and vault maps discovered:
D:1:      shiori_arrival_maze, layout_basic, serial_corexii_hall,
          chequers_hall_statues_wall_a, chequers_hall_statues_corner_a,
          corexii_hall_statues_l, chequers_hall_statues_wall_a,
          dreamdust_ecumenical_altar_grove, minmay_gold_behind_fungi
D:2:      layout_rooms

Skill      XL: |  1  2  3  4 |
---------------+-------------+-----
Invocations    | 1 |  1.4
Maces & Flails | 3 |  3.0
Fighting       | |  3.3
Armour         | |  3.3
Shields        | |  3.3

Action                   |  1- 3 |  4- 6 || total
-------------------------+-------+-------++-------
Melee: Flail             |    66 |    55 ||   121
  Use: Potion            |       |     3 ||     3
Armor: Scale mail        |    24 |    32 ||    56
Dodge: Dodged            |    33 |    32 ||    65
Block: Buckler           |    19 |     9 ||    28
